 Dungeon Crawl Stone Soup version 0.19.3-4-gbf9329e (webtiles) character file.

1509 ChocoTaco the Spear-Bearer (level 8, -5/60 HPs)
             Began as a Merfolk Gladiator on Jan 28, 2017.
             Was a Follower of Okawaru.
             Slain by an orc warrior
             ... wielding a +0 battleaxe
              (18 damage)
             ... on level 6 of the Dungeon.
             The game lasted 00:10:27 (7965 turns).

ChocoTaco the Spear-Bearer (Merfolk Gladiator)      Turns: 7965, Time: 00:10:27

Health: -5/60      AC:  3    Str: 16    XL:     8   Next: 83%
Magic:  10/11      EV: 20    Int:  8    God:    Okawaru [*.....]
Gold:   6          SH:  0    Dex: 15    Spells: 0 memorised, 7 levels left

rFire  . . .     SeeInvis +     a - +0 trident
rCold  . . .     Gourm    .     b - +0 leather armour
rNeg   + + .     Faith    +     (no shield)
rPois  .         Spirit   .     c - +0 helmet
rElec  .         Reflect  .     m - +1 cloak
rCorr  .         Harm     .     (no gloves)
MR     +....                    (no boots)
Stlth  +++++.....               e - amulet of faith
                                t - ring "Synyog" {*Corrode rN++ MR+ SInv}
                                o - ring of stealth

@: heroism, corroded
A: change form in water, swift swim, stealthy swim
a: Heroism, Renounce Religion


You were on level 6 of the Dungeon.
You worshipped Okawaru.
Okawaru was aware of your devotion.
You were hungry.

You visited 1 branch of the dungeon, and saw 6 of its levels.

You collected 396 gold pieces.
You spent 390 gold pieces at shops.

Inventory:

Hand Weapons
 a - a +0 trident (weapon)
Missiles
 d - 3 throwing nets (quivered)
 s - 7 javelins
Armour
 b - a +0 leather armour (worn)
 c - a +0 helmet (worn)
 m - a +1 cloak (worn)
 u - the +2 robe of the Morning {rPois Int-5 SInv Stlth+, unknown}
   (You found it on level 5 of the Dungeon)

   It affects your intelligence (-5).
   It protects you from poison.
   It lets you see invisible.
   It makes you more stealthy.
Jewellery
 e - an amulet of faith (around neck)
 o - a ring of stealth (left hand)
 t - the ring "Synyog" (right hand) {*Corrode rN++ MR+ SInv}
   (You bought it in a shop on level 6 of the Dungeon)

   [ring of see invisible]

   It greatly protects you from negative energy.
   It affects your resistance to hostile enchantments.
   It lets you see invisible.
   It may corrode you when you take damage.
Wands
 j - a wand of polymorph (7/24)
 p - a wand of slowing (18/48)
Scrolls
 i - 2 scrolls of enchant weapon {unknown}
 k - 2 scrolls of remove curse {unknown}
 l - 3 scrolls of identify {unknown}
 q - 2 scrolls of amnesia {unknown}
 r - a scroll of magic mapping {unknown}
 v - a scroll of recharging {unknown}
 w - a scroll of teleportation {unknown}
 x - a scroll of noise {unknown}
Potions
 h - 2 potions of flight
Comestibles
 f - 3 bread rations
 n - 4 meat rations


   Skills:
 + Level 3.7(8.7) Fighting
 + Level 9.8(14.8) Polearms
 + Level 3.3(8.3) Throwing
 + Level 7.1(12.1) Dodging
 + Level 5.0(10.0) Stealth
 - Level 4.6 Invocations


You had 7 spell levels left.
You didn't know any spells.

Dungeon Overview and Level Annotations

Branches:
Dungeon (6/15)             Temple (0/1) D:4

Altars:
Cheibriados
Dithmenos
Makhleb
Okawaru
Qazlal
Sif Muna
Trog
Uskayaw
Vehumet
Xom
Yredelemnul
Zin

Shops:
D:6 =

Annotations:
D:2 1 runed door


Message History

Attack whom?
Press: ? - help, Dir - move target cursor, f/p - orc wizard
Aim: an orc wizard, wielding a dagger and wearing a robe (moderately wounded)
You hit the orc wizard but do no damage.
Your punch misses the orc wizard.
The orc wizard is moderately wounded.
The orc warrior misses you.
Attack whom?
Press: ? - help, Dir - move target cursor, f/p - orc wizard
Aim: an orc wizard, wielding a dagger and wearing a robe (moderately wounded)
You hit the orc wizard but do no damage.
The orc wizard is moderately wounded.
The orc wizard closely misses you.
Attack whom?
Press: ? - help, Dir - move target cursor, f/p - orc wizard
Aim: an orc wizard, wielding a dagger and wearing a robe (moderately wounded)
You hit the orc wizard.
The orc wizard is moderately wounded.
The orc warrior hits you with a battleaxe!!
You die...

............#####......##....).....
############# #......##.#........
............# ###....##.#.#####..
###########.# #....##.#.## #.. #
#.# #....##....# #.. #
#.#######....##....# #.. #
#.#......######....# #..
###########......)o..........######
......<..........@o............##
########...##.....)#.........#..#
########...##......#.####.#..##.##
##.........##......#.#.......##..#
##.........##......#.#..#.#)####.##
##...........#######.#.##.#.####..#
⌠............# #.#.............
........#....# #.#####...###S..
⌠..########### #.....'...+.....


You could see an orc warrior and an orc wizard.

Vanquished Creatures
  Sigmund (D:2)
  Duvessa (D:4)
  Edmund (D:4)
  An ogre (D:3)
  A centaur (D:5)
  A bullfrog (D:6)
  Blork the orc (D:5)
  Dowan (D:4)
  A scorpion (D:4)
  2 howler monkeys (D:6)
  2 hounds
  3 orc priests
  A bullfrog skeleton (D:5)
  An orc wizard (D:6)
  Ijyb (D:2)
  An iguana (D:6)
  5 worker ants (D:6)
  A hound skeleton (D:5)
  A gnoll (D:1)
  10 adders
  A shadow imp (D:6)
  4 oozes
  An adder skeleton (D:6)
  4 worms
  3 dart slugs
  7 leopard geckos
  7 orcs
  4 ball pythons
  6 giant cockroaches
  11 goblins
  14 hobgoblins
  6 jackals
  4 quokkas
  A ball python skeleton (D:4)
  13 bats
  5 frilled lizards
  11 kobolds
  A quokka skeleton (D:4)
  15 rats
155 creatures vanquished.

Notes
Turn   | Place    | Note
-------+----------+-------------------------------------------
     0 | D:1      | ChocoTaco the Merfolk Gladiator began the quest for the Orb.
     0 | D:1      | Reached XP level 1. HP: 16/16 MP: 1/1
   133 | D:1      | Reached skill level 5 in Polearms
   133 | D:1      | Reached XP level 2. HP: 18/22 MP: 2/2
   290 | D:1      | Reached skill level 6 in Polearms
   290 | D:1      | Reached XP level 3. HP: 27/27 MP: 3/3
   918 | D:1      | Reached XP level 4. HP: 23/33 MP: 4/4
  1158 | D:2      | Reached skill level 7 in Polearms
  2125 | D:2      | Reached XP level 5. HP: 15/38 MP: 5/5
  2126 | D:2      | Reached skill level 1 in Stealth
  2466 | D:2      | Noticed Sigmund
  2481 | D:2      | Killed Sigmund
  2481 | D:2      | Reached skill level 8 in Polearms
  2481 | D:2      | Reached skill level 5 in Dodging
  2481 | D:2      | Reached XP level 6. HP: 42/44 MP: 6/6
  2564 | D:2      | Found a runed door.
  2920 | D:2      | Noticed Ijyb
  2930 | D:2      | Killed Ijyb
  3597 | D:3      | Reached XP level 7. HP: 47/50 MP: 7/7
  3948 | D:4      | Found a shimmering altar of Xom.
  3948 | D:4      | Found a deep blue altar of Sif Muna.
  3948 | D:4      | Found a hide-covered altar of Uskayaw.
  4343 | D:4      | Found a snail-covered altar of Cheibriados.
  4343 | D:4      | Found a bloodstained altar of Trog.
  4343 | D:4      | Found an iron altar of Okawaru.
  4344 | D:4      | Found a basalt altar of Yredelemnul.
  4344 | D:4      | Found a radiant altar of Vehumet.
  4345 | D:4      | Found a shadowy altar of Dithmenos.
  4345 | D:4      | Found a shadowy altar of Dithmenos.
  4348 | D:4      | Found a glowing silver altar of Zin.
  4348 | D:4      | Found a burning altar of Makhleb.
  4349 | D:4      | Found a stormy altar of Qazlal.
  4351 | D:4      | Found a shimmering altar of Xom.
  4351 | D:4      | Found a basalt altar of Yredelemnul.
  4352 | D:4      | Found a shimmering altar of Xom.
  4356 | D:4      | Became a worshipper of Warmaster Okawaru
  4359 | D:4      | Found a staircase to the Ecumenical Temple.
  4419 | D:4      | Noticed Duvessa
  4420 | D:4      | Noticed Dowan
  4437 | D:4      | Reached skill level 1 in Invocations
  4468 | D:4      | Killed Duvessa
  4471 | D:4      | Killed Dowan
  4471 | D:4      | Reached * piety under Okawaru
  4754 | D:4      | Noticed Edmund
  4775 | D:4      | Killed Edmund
  5033 | D:4      | Reached XP level 8. HP: 56/56 MP: 11/11
  5194 | D:4      | Found a bloodstained altar of Trog.
  5214 | D:5      | Entered Level 5 of the Dungeon
  5925 | D:5      | Noticed Blork the orc
  5934 | D:5      | Reached skill level 9 in Polearms
  5940 | D:5      | Killed Blork the orc
  6244 | D:5      | Got a wizard robe
  7656 | D:6      | Found Siof Sic's Jewellery Emporium.
  7664 | D:6      | Bought the ring "Synyog" {*Corrode rN++ MR+ SInv} for 390 gold pieces
  7959 | D:6      | Reached skill level 5 in Stealth
  7965 | D:6      | Slain by an orc warrior

Skill      XL: |  1  2  3  4  5  6  7  8 |
---------------+-------------------------+-----
Polearms       | 5 6 7 8 9 |  9.8
Stealth        | 2 3 5 |  5.0
Dodging        | 5 6 7 |  7.1
Invocations    | 4 |  4.6
Fighting       | 3 |  3.7
Throwing       | 3 |  3.3

Action                   |  1- 3 |  4- 6 |  7- 9 || total
-------------------------+-------+-------+-------++-------
Melee: Trident           |   141 |   173 |   330 ||   644
       Unarmed           |       |       |    10 ||    10
       Punch             |       |       |     2 ||     2
Invok: Heroism           |       |       |     3 ||     3
  Use: Potion            |       |       |     9 ||     9
 Stab: Sleeping          |       |    14 |    10 ||    24
       Distracted        |       |       |     3 ||     3
  Eat: Chunk             |       |     8 |     5 ||    13
       Fruit             |       |     1 |     2 ||     3
       Meat ration       |       |       |     1 ||     1
       Pizza             |       |       |     1 ||     1
Armor: Leather armour    |    41 |    30 |    38 ||   109
       Skin              |       |       |     3 ||     3
Dodge: Dodged            |    84 |    93 |   214 ||   391
